 Dungeon Crawl Stone Soup version 0.31-a0-845-g9abc20d24f (webtiles) character file.

Game seed: 7436218808902902675

1263 senseless the Ruffian (level 8, -6/103 HPs)
             Began as a Grey Draconian Shapeshifter on Oct 2, 2023.
             Mangled by a yak (8 damage)
             ... on level 5 of the Dungeon.
             The game lasted 00:09:26 (3740 turns).

senseless the Ruffian (Grey Draconian Shapeshifter) Turns: 3740, Time: 00:09:27

Health: -6/103     AC: 24    Str: 17 (19) XL:     8   Next: 27%
Magic:  8/8        EV:  2    Int: 11      God:
Gold:   220        SH:  5    Dex: 15 (16) Spells: 7/7 levels left

rFire   . . .        e - +2 hand axe (venom)
rCold   . . .        (no shield)
rNeg    . . .        (body armour unavailable)
rPois   +            (helmet currently unavailable)
rElec   .            (cloak currently unavailable)
rCorr   .            (gloves currently unavailable)
SInv    .            (boots currently unavailable)
Will    .....        j - amulet of reflection
Stlth   +            s - +6 ring of dexterity
HPRegen 0.37/turn    (no ring)
MPRegen 0.11/turn

%: reflection
@: tree-form, attractive
A: stationary, stasis, torment immunity, boosted hp, AC +11, (amphibious),
unfitting armour, (cold-blooded)
a: no special abilities


You were on level 5 of the Dungeon.
You were a tree.
You visited 1 branch of the dungeon, and saw 6 of its levels.

You collected 220 gold pieces.

Inventory:

Hand Weapons
 e - a +2 hand axe of venom (weapon)
Missiles
 q - 19 poisoned darts (quivered)
Armour
 w - a +0 cloak
Jewellery
 j - an amulet of reflection (around neck)
 s - a +6 ring of dexterity (left branch)
Talismans
 b - a beast talisman
 c - a flux talisman
Scrolls
 d - a scroll of vulnerability {unknown}
 f - 4 scrolls of teleportation {unknown}
 i - 3 scrolls of blinking {unknown}
 l - a scroll of amnesia {unknown}
 n - a scroll of silence {unknown}
 o - a scroll of fog {unknown}
 p - a scroll of enchant armour {unknown}
 r - a scroll of poison {unknown}
 t - a scroll of identify {unknown}
 u - a scroll of enchant weapon {unknown}
Potions
 m - 2 potions of enlightenment
 v - a potion of attraction


   Skills:
 + Level 5.4 Fighting
 + Level 4.8 Dodging
 + Level 5.7 Unarmed Combat
 + Level 5.4 Shapeshifting


You had 7 spell levels left.
You didn't know any spells.
Your spell library contained the following spells:

 Spells                   Type           Power      Damage    Failure   Level
 Sting                    Tmut/Pois      0%         1d3       34%         1
 Ensorcelled Hibernation  Hex/Ice        0%         N/A       47%         2
 Passwall                 Tmut/Erth      0%         N/A       47%         2
 Poisonous Vapours        Pois/Air       0%         N/A       47%         2
 Swiftness                Air            0%         N/A       71%         3
 Olgreb's Toxic Radiance  Pois           0%         N/A       98%         4


Dungeon Overview and Level Annotations

Branches:
Dungeon (6/15)
 Temple: D:4-7

Altars:


Innate Abilities, Weirdness & Mutations

You are a tree.
Your roots penetrate the ground, keeping you stationary.
You cannot be teleported.
You are immune to unholy pain and torment.
Your maximum health is greatly increased.
Your equipment is partially melded.
((Your dull iron-grey scales are very hard. (AC +11)))
((You are amphibious.))
You cannot fit into any form of body armour.
((You are cold-blooded and may be slowed by cold attacks.))


Message History

You have reached level 8!
You feel stronger.
You hit the yak.
The yak looks as sick as possible!
You punch the yak.
The yak is severely wounded.
You closely miss the yak. The yak gores you but does no damage.
The yak gores you!
* * * LOW HITPOINT WARNING * * *
You hit the yak.
The yak looks as sick as possible!
The yak is almost dead.
You closely miss the yak. You hit the yak but do no damage.
The yak looks as sick as possible!
The yak gores you but does no damage. x2
The yak gores you!
* * * LOW HITPOINT WARNING * * *
It was a potion of enlightenment.
Your roots keep you in place.
The yak gores you.
* * * LOW HITPOINT WARNING * * *
The yak gores you but does no damage. x2
It was a potion of degeneration.
There was something very wrong with that liquid.
You feel weakened.
You feel dopey.
You feel clumsy.
You kill the yak!
The yak gores you but does no damage. x2
You feel your intelligence returning.
It was a potion of attraction.
You feel attractive to monsters. The yak gores you.
* * * LOW HITPOINT WARNING * * *
The yak gores you but does no damage.
It was a potion of curing.
You feel better.
The yak gores you but does no damage. x2
You barely miss the yak. You hit the yak.
The yak looks as sick as possible!
Your enlightenment fades.
The yak gores you but does no damage. The yak gores you.
* * * LOW HITPOINT WARNING * * *
You block the yak's attack. The yak gores you but does no damage.
You hit the yak but do no damage. x2; The yak looks as sick as possible!
The yak gores you but does no damage. The yak gores you!
* * * LOW HITPOINT WARNING * * *
You barely miss the yak. x2; The yak gores you!
You die...

##.#.# ####### #.##...♣.♣♣♣
#.#.####.....# #.###♣♣♣♣♣
#.#.#........# #.# #.#.#.##.##..#
#.#
######.........#..####.##########
.....###.......#.................
####.# ###.###.#.####.###........
.....#####.###.#†# ##.#..........
###.....##.....Y♣# #.>...........
#..##.#####..Y## #..#..........
#..##.# #...# #..##.........
#.###.# #...# #.............
###.###.# #...# #.###.####.###
........#####...####.###.####.##.
.######...............#.....<.##.
.#....................#.###.#....
.#.####...............#.###.#.##.


You could see 2 yaks.

Vanquished Creatures
  2 yaks (D:5)
  A water moccasin (D:4)
  3 ogres
  A scorpion (D:4)
  5 hounds
  2 orc priests (D:3)
  Crazy Yiuf (D:5)
  A sleepcap (D:4)
  3 iguanas
  10 adders
  A white imp (D:5)
  A dart slug (D:5)
  4 worms
  8 orcs (D:3)
  6 ball pythons (D:1)
  10 endoplasms
  4 giant cockroaches
  11 goblins
  9 hobgoblins
  4 jackals (D:4)
  4 quokkas
  A bat (D:3)
  4 frilled lizards
  10 kobolds
  8 rats
114 creatures vanquished.

Notes
Turn   | Place    | Note
-------+----------+-------------------------------------------
     0 | D:1      | senseless the Draconian Shapeshifter began the quest for
                  | the Orb.
     0 | D:1      | Reached XP level 1. HP: 16/16 MP: 1/1
   128 | D:1      | Reached XP level 2. HP: 19/23 MP: 2/2
   572 | D:1      | Reached XP level 3. HP: 24/29 MP: 3/3
  1574 | D:3      | You fall into a shaft and drop 3 floors!
  1575 | D:6      | Noticed a bullfrog
  1584 | D:6      | Noticed a yak
  1584 | D:6      | Noticed a yak
  1585 | D:6      | Noticed a yak
  1586 | D:6      | Noticed a yak
  1587 | D:6      | Noticed a yak
  1587 | D:6      | Noticed a yak
  1590 | D:5      | Entered Level 5 of the Dungeon
  1690 | D:3      | Reached XP level 4. HP: 24/36 MP: 4/4
  1891 | D:3      | Reached XP level 5. HP: 12/44 MP: 5/5
  2327 | D:4      | Noticed an ogre
  2336 | D:4      | Killed an ogre
  2337 | D:4      | Reached XP level 6. HP: 30/51 MP: 6/6
  2661 | D:4      | Your scales start taking on a dull iron-grey colour.
  2661 | D:4      | Reached XP level 7. HP: 59/59 MP: 7/7
  3091 | D:5      | Reached skill level 5 in Unarmed Combat
  3212 | D:5      | Reached skill level 5 in Shapeshifting
  3237 | D:5      | Found a runed translucent door.
  3238 | D:5      | Noticed Crazy Yiuf
  3687 | D:5      | Killed Crazy Yiuf
  3688 | D:5      | Reached skill level 5 in Fighting
  3731 | D:5      | Killed a yak
  3732 | D:5      | Reached XP level 8. HP: 17/68 MP: 8/8
  3733 | D:5      | HP: 4/102 [yak (7)]
  3739 | D:5      | HP: 2/103 [yak (10)]
  3740 | D:5      | Mangled by a yak

Illustrated notes

Levels and vault maps discovered:
D:1:      dpeg_arrival_morbid_curiosity, layout_basic
D:2:      layout_basic, corexii_corridor_pit
D:3:      minmay_chambers_of_twos, layout_rooms
D:4:      layout_cave_pools, minmay_bisected
D:5:      layout_loops_cross, uniq_crazy_yiuf_cottage
D:6:      layout_cave_pools, mainiacjoe_overflow_chevrons, temple_doors_cd,
          serial_shops, shop, uniq_menkaure

Skill      XL: |  1  2  3  4  5  6  7 |
---------------+----------------------+-----
Dodging        | 2 3 4 |  4.8
Fighting       | 2 3 4 5 |  5.4
Unarmed Combat | 4 5 |  5.7
Shapeshifting  | 4 5 |  5.4

Action                     |  1- 3 |  4- 6 |  7- 9 || total
---------------------------+-------+-------+-------++-------
  Melee: Hand axe          |    89 |    74 |    85 ||   248
         Unarmed           |     5 |       |       ||     5
         Tailslap          |    13 |    12 |    13 ||    38
         Punch             |       |     5 |     3 ||     8
  Throw: Dart              |       |     8 |       ||     8
    Use: Potion            |       |       |     5 ||     5
   Stab: Sleeping          |       |     3 |     1 ||     4
 Armour: Skin              |    47 |    28 |    71 ||   146
  Dodge: Dodged            |    54 |    47 |    54 ||   155
  Block: Other             |    15 |    13 |    28 ||    56
         Reflection        |     1 |     1 |       ||     2

Table legend: (Time is in decaauts)
 A = Elapsed time spent in this place.
 B = Non-inter-level travel time spent in this place.
 C = Inter-level travel time spent in this place.
 D = Time resting spent in this place.
 E = Time spent auto-exploring this place.
 F = Levels seen in this place.
 G = Mean time per level.
                   A        B        C        D        E       F      G
               +--------+--------+--------+--------+--------+-----+--------+
         Total |   3816 |   3672 |    144 |      0 |   2982 |   6 |  636.0 |
       Dungeon |   3816 |   3672 |    144 |      0 |   2982 |   6 |  636.0 |
               +--------+--------+--------+--------+--------+-----+--------+

Top non-repeatable levels by time:
     D:1: 863 daAuts
     D:5: 821 daAuts
     D:4: 721 daAuts
     D:2: 707 daAuts
     D:3: 683 daAuts
     D:6: 18 daAuts
